 Dungeon Crawl Stone Soup version 0.32-a0-913-g739538a (webtiles) character file.

Game seed: 1713132891810259996

51090 Jonathan123 the Brawler (level 14, -11/127 HPs)
             Began as a Grey Draconian Shapeshifter on Apr 8, 2024.
             Was an Initiate of Gozag.
             Hit by a silver javelin thrown by a merfolk javelineer (21 damage)
             ... led by Ilsuiw
             ... on level 2 of the Shoals.
             The game lasted 00:47:37 (21927 turns).

Jonathan123 the Brawler (DrSh)                     Turns: 21927, Time: 00:47:37

Health: -11/127    AC: 16    Str: 23    XL:     14   Next: 22%
Magic:  14/14      EV: 21    Int: 10    God:    Gozag
Gold:   1418       SH:  5    Dex: 16    Spells: 13/13 levels left

rFire   + +          .
                       - Unarmed
rCold   + . .        k - melded +2 kite shield
rNeg    + . .        (body armour unavailable)
rPois   +            (helmet restricted)
rElec   +            S - scarf {rC+ rF+}
rCorr   .            T - +1 pair of gloves "Zerav" {rElec rF+ rN+ Will+}
SInv    .            q - +0 pair of boots
Will    ++...        V - amulet of reflection
Stlth   +            y - ring of poison resistance
HPRegen 0.41/turn    A - +6 ring of dexterity
MPRegen 0.14/turn

%: reflection
@: flux-form, glowing, studying 2 skills
A: glow, contaminating, mud breath, mud-swimmer, AC +13, amphibious, unfitting
armour, cold-blooded
a: Mud Breath, Begin Untransformation, Renounce Religion, Potion Petition, Call
Merchant, Bribe Branch


You were on level 2 of the Shoals.
You worshipped Gozag.
Gozag was most pleased with you.
You were something dangerously unstable.
You visited 3 branches of the dungeon, and saw 17 of its levels.
You also visited: Bailey.

You collected 4130 gold pieces.
You spent 1401 gold pieces at shops.
You paid 1311 gold pieces to Gozag.

Inventory:

Hand Weapons
 N - the +5 trident "Doeshria" {antimagic, rPois rC+ rCorr Str+3}
   (You found it on level 3 of the Lair of Beasts)

   Str+3:     It affects your strength (+3).
   rC+:       It protects you from cold.
   rPois:     It protects you from poison.
   rCorr:     It protects you from acid and corrosion.
 P - the +11 mace of Famibre {protect, rElec Str+4}
   (You found it on level 4 of the Lair of Beasts)

   Str+4:     It affects your strength (+4).
   rElec:     It insulates you from electricity.
Missiles
 F - 4 throwing nets (quivered)
 K - 4 javelins
Armour
 k - a +2 kite shield (melded)
 q - a +0 pair of boots (worn)
 L - the +2 cloak "Osabb" {rF+ Int+2}
   (You bought it in a shop on level 1 of the Shoals)

   Int+2:     It affects your intelligence (+2).
   rF+:       It protects you from fire.
 Q - a +2 pair of gloves of infusion
 R - a +2 cloak of willpower
 S - a scarf of resistance (worn)
 T - the +1 pair of gloves "Zerav" (worn) {rElec rF+ rN+ Will+}
   (You found it on level 5 of the Lair of Beasts)

   rF+:       It protects you from fire.
   rElec:     It insulates you from electricity.
   rN+:       It protects you from negative energy.
   Will+:     It increases your willpower.
Jewellery
 g - a ring of flight
 y - a ring of poison resistance (left hand)
 A - a +6 ring of dexterity (right hand)
 E - a ring of resist corrosion
 J - an amulet of the acrobat
 V - an amulet of reflection (around neck)
Talismans
 b - a beast talisman
 c - a flux talisman (active)
 x - a serpent talisman
Wands
 i - a wand of paralysis (9)
 m - a wand of digging (6)
 u - a wand of polymorph (26)
 v - a wand of flame (22)
 W - a wand of roots (6)
Scrolls
 d - a scroll of amnesia
 j - 3 scrolls of immolation
 l - a scroll of vulnerability
 o - 3 scrolls of revelation
 p - 5 scrolls of enchant weapon
 r - 3 scrolls of enchant armour
 s - 4 scrolls of teleportation
 H - 2 scrolls of identify
 M - 2 scrolls of noise
 O - a scroll of torment
Potions
 a - a potion of degeneration
 e - 2 potions of brilliance
 f - 3 potions of enlightenment
 h - a potion of resistance
 n - 2 potions of haste
 t - a potion of ambrosia
 w - a potion of cancellation
 z - 3 potions of curing
 B - 3 potions of lignification
 C - a potion of invisibility
 D - 3 potions of berserk rage
 I - a potion of attraction


   Skills:
 + Level 12.5 Fighting
 + Level 10.7 Dodging
 - Level 5.0 Shields
 * Level 17.9 Unarmed Combat
 - Level 10.0 Shapeshifting


You had 13 spell levels left.
You didn't know any spells.
Your spell library contained the following spells:

 Spells                   Type           Power      Damage    Failure   Level
 Apportation              Tloc           0%         N/A       36%         1
 Kiss of Death            Conj/Necr      0%         2d5       36%         1
 Magic Dart               Conj           0%         1d3       36%         1
 Slow                     Hex            0%         N/A       36%         1
 Blink                    Tloc           0%         N/A       50%         2
 Ensorcelled Hibernation  Hex/Ice        0%         N/A       50%         2
 Jinxbite                 Hex            0%         N/A       50%         2
 Lesser Beckoning         Tloc           0%         N/A       50%         2
 Mercury Vapours          Alch/Air       0%         N/A       50%         2
 Momentum Strike          Conj/Tloc      0%         3d8       50%         2
 Scorch                   Fire           0%         2d5       50%         2
 Searing Ray              Conj           0%         2d4       50%         2
 Call Canine Familiar     Summ           0%         N/A       75%         3
 Confusing Touch          Hex            0%         N/A       75%         3
 Maxwell's Portable Pile  Tloc           0%         2d(5-13)  75%         3
 Mephitic Cloud           Conj/Alch/Air  0%         N/A       75%         3
 Passwall                 Erth           0%         N/A       75%         3
 Sigil of Binding         Hex            0%         N/A       75%         3
 Swiftness                Air            0%         N/A       75%         3
 Teleport Other           Tloc           0%         N/A       75%         3
 Tukima's Dance           Hex            0%         N/A       75%         3
 Vampiric Draining        Necr           0%         2d6       75%         3
 Volatile Blastmotes      Fire/Tloc      0%         2d10      75%         3
 Dimensional Bullseye     Hex/Tloc       0%         N/A       98%         4
 Dispel Undead            Necr           0%         3d6       98%         4
 Flame Wave               Conj/Fire      0%         2d4       98%         4
 Fulminant Prism          Conj/Alch      0%         3d5       98%         4
 Passage of Golubria      Tloc           0%         N/A       98%         4
 Vhi's Electric Charge    Tloc/Air       0%         N/A       98%         4
 Alistair's Intoxication  Alch           0%         N/A       100%        5
 Arcjolt                  Conj/Air       0%         1d10      100%        5
 Freezing Cloud           Conj/Ice/Air   0%         6-21      100%        5
 Yara's Violent Unravell  Hex/Alch       0%         3d3       100%        5
 Bombard                  Conj/Erth      0%         9d1       100%        6
 Dispersal                Tloc           0%         N/A       100%        6
 Gell's Gavotte           Tloc           0%         2d(11-16) 100%        6
 Summon Cactus Giant      Summ           0%         N/A       100%        6
 Maxwell's Capacitive Co  Air            0%         ∞         100%        8


Dungeon Overview and Level Annotations

Branches:
Dungeon (10/15)            Temple (0/1) D:7            Lair (5/5) D:10
 Shoals (2/4) Lair:3        Snake (0/4) Lair:3        Slime (0/5) Lair:4
 Bailey (visited)
    Orc: D:9-12

Altars:
Gozag
Makhleb
Qazlal
Xom
The Shining One
Jiyva

Shops:
D:4 *   D:10 *   Lair:2 [   Shoals:1 [


Innate Abilities, Weirdness & Mutations

You are something dangerously unstable.
You glow with magical radiation, making you easy to see and hit.
Foes you strike become dangerously contaminated with magical radiation.
You are incapable of wielding weapons or throwing items.
You can breathe torrents of mud.
You are unimpeded by mud.
Your dull iron-grey scales are very hard. (AC +13)
You are amphibious.
You cannot fit into any form of body armour.
You are cold-blooded and may be slowed by cold attacks.


Message History

You hit the merfolk siren but do no damage.
The merfolk siren begins to glow.
You hit the merfolk siren.
The merfolk siren glows dangerously bright.
Your tail-slap misses the merfolk siren.
The merfolk siren is lightly wounded.
The merfolk siren chants its luring song.
The merfolk javelineer throws a silver javelin.
The silver javelin completely misses you.
You hit the merfolk siren.
The merfolk siren shudders as magic cascades through it!!
The merfolk siren twists and deforms.
The merfolk siren is almost dead.
The merfolk siren chants its luring song.
You pummel the merfolk siren!!
You are no longer entranced.
You kill the merfolk siren!
The merfolk javelineer throws a silver javelin.
The silver javelin pierces through you but does no damage.
* * * LOW HITPOINT WARNING * * *
The merfolk javelineer throws a silver javelin.
The silver javelin barely misses you.
Things that are here:
5 gold pieces; a +0 trident
Okay, then.
You feel better.
You enter the shallow water.
The merfolk javelineer throws a silver javelin.
The silver javelin closely misses you.
The merfolk javelineer throws a silver javelin.
The silver javelin pierces through you!
* * * LOW HITPOINT WARNING * * *
x2 The merfolk javelineer throws a silver javelin.
The silver javelin pierces through you.
* * * LOW HITPOINT WARNING * * *
x2 You feel better.
The merfolk javelineer throws a silver javelin.
The silver javelin pierces through you!!
You die...
Your body crumbles into a pile of gold.

#########################
≈≈≈≈≈≈≈≈≈≈≈≈≈≈≈≈≈≈≈≈≈≈≈≈≈
≈≈≈≈≈≈≈≈≈≈≈≈≈≈≈≈≈≈≈≈≈≈≈≈≈≈≈
≈≈≈≈≈≈≈≈≈≈≈≈≈≈≈≈≈≈≈≈≈≈≈≈≈≈≈≈
≈≈≈≈≈≈≈≈≈≈≈≈≈≈≈≈≈≈≈≈≈≈≈≈≈≈≈≈
≈≈≈≈≈≈≈≈≈≈≈≈≈m≈≈≈≈≈≈≈≈≈≈≈≈≈≈
≈≈≈≈≈≈≈≈~~~p≈≈~~~≈≈≈≈≈≈≈≈≈≈≈
≈≈~~~~~~~~~~~~~~~~~~~≈≈≈≈≈≈≈
~~~~~~~~~~~~~~~~~~~~~~≈≈≈≈≈≈
~~~~~~~~.<.$~~~~~~~~~~~~~~~~
~~~..~~~..#...~~...~~~~~~~~~
~~.##~~~.###.......~~~~~~~~~
~~.#.~~..# ##......~~~~~~~~~
≈~~~~~~..# #......~~~~~~.~~
~~~~~~~~.## #...~~~.~~......


You could see a merfolk javelineer.

Vanquished Creatures
  3 hydras (Lair:5)
  Erica (D:8)
  A dancing weapon (D:9)
  A centaur warrior (Shoals:1)
  5 catoblepae
  A two-headed ogre (D:7)
  A shock serpent (D:8)
  5 death yaks (Lair:5)
  2 skysharks (Lair:4)
  2 sea snakes (Shoals:2)
  4 lindwurms (Lair:4)
  Pikel (D:8)
  The ghost of Dega the Skirmisher, a novice SpHu of Dithmenos (D:9)
  3 manticores
  3 black mambas
  5 elephants
  3 merfolk sirens
  2 torpor snails
  10 cane toads
  12 komodo dragons
  3 rime drakes
  2 trolls
  2 merfolk (Shoals:2)
  A wind drake (Shoals:1)
  Grinder (D:5)
  4 polar bears
  13 blink frogs
  Prince Ribbit (D:5)
  7 dream sheep
  A shadow (D:10)
  37 yaks
  8 wyverns
  A vampire (D:9)
  2 wraiths
  A water elemental (Shoals:1)
  Eustachio (D:5)
  A steam dragon (Lair:3)
  3 vampire mosquitoes (D:10)
  4 basilisks
  3 acid dragons (D:9)
  Edmund (D:5)
  2 nagas
  19 water moccasins
  An orc warrior (D:5)
  A swamp drake (D:10)
  2 sky beasts
  2 ice beasts
  A black bear (Lair:1)
  10 wolves
  2 centaurs
  2 phantoms
  2 kobold brigands
  10 bullfrogs
  4 scorpions
  A wight (D:6)
  2 killer bees
  A howler monkey (D:4)
  4 bombardier beetles
  3 hounds
  5 jellies
  4 orc priests
  5 iguanas
  An iguana (shapeshifter) (D:7)
  5 orc wizards
  4 gnolls
  14 adders
  8 river rats (D:5)
  2 white imps
  An ufetubus (D:7)
  2 ribbon worms
  5 dart slugs
  30 orcs
  9 ball pythons
  4 bats
  6 endoplasms
  5 giant cockroaches
  8 hobgoblins
  2 jackals (D:1)
  A kobold (shapeshifter) (D:7)
  7 quokkas
  5 frilled lizards
  11 goblins
  22 kobolds
  25 rats
423 creatures vanquished.

Vanquished Creatures (collateral kills)
  Frances (Shoals:2)
  3 fauns (Shoals:2)
  A merfolk siren (Shoals:2)
  A snapping turtle (Shoals:2)
6 creatures vanquished.

Vanquished Creatures (others)
  20 tentacles (Shoals:1)
20 creatures vanquished.

Grand Total: 449 creatures vanquished

Notes
Turn   | Place    | Note
-------+----------+-------------------------------------------
     0 | D:1      | Jonathan123 the Draconian Shapeshifter began the quest for
                  | the Orb.
     0 | D:1      | Reached XP level 1. HP: 16/16 MP: 1/1
    44 | D:1      | Found a faded altar of an unknown god.
   186 | D:1      | Reached XP level 2. HP: 22/23 MP: 2/2
   607 | D:1      | Reached XP level 3. HP: 27/28 MP: 3/3
   953 | D:2      | Found a burning altar of Makhleb.
  1359 | D:2      | Reached XP level 4. HP: 36/36 MP: 4/4
  2058 | D:4      | Reached skill level 4 in Unarmed Combat
  2140 | D:3      | Reached XP level 5. HP: 26/41 MP: 5/5
  2580 | D:4      | Reached skill level 1 in Shields
  2793 | D:4      | Found Ricon's Assorted Antiques.
  2851 | D:4      | Reached XP level 6. HP: 36/50 MP: 6/6
  2863 | D:4      | Noticed an ice beast
  2876 | D:4      | Killed an ice beast
  3595 | D:5      | Entered Level 5 of the Dungeon
  3722 | D:5      | Your scales start taking on a dull iron-grey colour.
  3722 | D:5      | Reached XP level 7. HP: 41/57 MP: 7/7
  3789 | D:5      | Reached skill level 5 in Unarmed Combat
  4107 | D:5      | Reached skill level 5 in Shapeshifting
  4273 | D:5      | Noticed Eustachio
  4361 | D:5      | Killed Eustachio
  4674 | D:5      | Reached XP level 8. HP: 56/66 MP: 8/8
  5042 | D:6      | Noticed Prince Ribbit
  5055 | D:5      | Killed Prince Ribbit
  5056 | D:5      | Reached skill level 6 in Unarmed Combat
  5249 | D:6      | Found an opulent altar of Gozag.
  5255 | D:6      | Found a stormy altar of Qazlal.
  5265 | D:6      | Became a worshipper of Gozag Ym Sagoz the Greedy
  5302 | D:6      | Noticed Edmund
  5507 | D:5      | Killed Edmund
  5725 | D:6      | Noticed Grinder
  5746 | D:5      | Killed Grinder
  5747 | D:5      | Reached skill level 5 in Fighting
  5747 | D:5      | Reached skill level 7 in Unarmed Combat
  5747 | D:5      | Reached XP level 9. HP: 65/74 MP: 9/9
  6125 | D:7      | Noticed a troll
  6148 | D:7      | Killed a troll
  6153 | D:7      | Reached skill level 5 in Dodging
  6379 | D:7      | Found a shimmering altar of Xom.
  6381 | D:7      | Found a shimmering altar of Xom.
  6382 | D:7      | Found a shimmering altar of Xom.
  6383 | D:7      | Found a shimmering altar of Xom.
  6383 | D:7      | Found a shimmering altar of Xom.
  6383 | D:7      | Found a shimmering altar of Xom.
  6383 | D:7      | Found a shimmering altar of Xom.
  6386 | D:7      | Found a shimmering altar of Xom.
  6806 | D:7      | Found a glowing golden altar of the Shining One.
  6855 | D:7      | Reached skill level 8 in Unarmed Combat
  6855 | D:7      | Found a staircase to the Ecumenical Temple.
  7207 | D:8      | Noticed a two-headed ogre
  7220 | D:7      | Killed a two-headed ogre
  7221 | D:7      | Reached XP level 10. HP: 83/83 MP: 10/10
  7295 | D:7      | Reached skill level 5 in Shields
  7437 | D:8      | Noticed a two-headed ogre
  7441 | D:8      | a two-headed ogre changed into a shock serpent
  7441 | D:8      | Noticed a shock serpent
  7450 | D:8      | Killed a shock serpent
  7974 | D:8      | Noticed Erica
  7984 | D:8      | Killed Erica
  8310 | D:8      | Noticed Pikel
  8330 | D:8      | Killed Pikel
  8331 | D:8      | Reached skill level 9 in Unarmed Combat
  8525 | D:9      | Found a flagged portal.
  8546 | Bailey   | Entered a bailey
  8551 | Bailey   | Noticed an orc warlord
  8689 | D:9      | Found a runed translucent door.
  8689 | D:9      | Found a shimmering altar of Xom.
  8689 | D:9      | Noticed Dega's ghost (novice SpHu)
  8689 | D:9      | Noticed a +2 rapier of chaos
  9859 | D:9      | Killed Dega's ghost
  9864 | D:9      | Killed a +2 rapier of chaos
  9865 | D:9      | Reached skill level 10 in Unarmed Combat
  9865 | D:9      | Reached XP level 11. HP: 66/92 MP: 11/11
 10150 | D:10     | Entered Level 10 of the Dungeon
 10150 | D:10     | Found Ossiusid's General Store.
 10216 | D:10     | Bought a scroll of revelation for 112 gold pieces
 10216 | D:10     | Bought a scroll of blinking for 112 gold pieces
 10216 | D:10     | Bought a scroll of poison for 60 gold pieces
 10216 | D:10     | Bought a scroll of identify for 30 gold pieces
 11125 | D:10     | Found a staircase to the Lair.
 11166 | Lair:1   | Entered Level 1 of the Lair of Beasts
 11184 | Lair:1   | Reached skill level 10 in Shapeshifting
 11404 | Lair:1   | Reached skill level 11 in Unarmed Combat
 12283 | Lair:1   | Reached XP level 12. HP: 103/103 MP: 12/12
 12452 | Lair:1   | Reached skill level 12 in Unarmed Combat
 14011 | Lair:3   | Noticed a catoblepas
 14446 | Lair:2   | Killed a catoblepas
 14691 | Lair:3   | Identified the +5 trident "Doeshria" {antimagic, rPois rC+
                  | rCorr Str+3}
 14693 | Lair:3   | Found a staircase to the Shoals.
 14706 | Lair:3   | Reached skill level 13 in Unarmed Combat
 14725 | Lair:3   | Reached skill level 10 in Fighting
 15056 | Lair:3   | Found a staircase to the Snake Pit.
 15180 | Lair:2   | Bought a pair of runed gloves for 277 gold pieces
 15180 | Lair:2   | Bought a runed cloak for 277 gold pieces
 15180 | Lair:2   | Bought a runed scarf for 296 gold pieces
 16288 | Lair:4   | Reached XP level 13. HP: 103/114 MP: 1/13
 16641 | Lair:4   | Identified a scroll of acquirement
 16644 | Lair:4   | Acquired a manual of Unarmed Combat
 16663 | Lair:4   | Reached skill level 14 in Unarmed Combat
 16791 | Lair:4   | Identified the +11 mace of Famibre {protect, rElec Str+4}
 16823 | Lair:4   | Found a viscous altar of Jiyva.
 16823 | Lair:4   | Found a staircase to the Slime Pits.
 17675 | Lair:4   | Reached skill level 15 in Unarmed Combat
 17842 | Lair:5   | Entered Level 5 of the Lair of Beasts
 18129 | Lair:5   | Found a glowing golden altar of the Shining One.
 18134 | Lair:5   | Identified the +1 pair of gloves "Zerav" {rElec rF+ rN+
                  | Will+}
 18637 | Lair:5   | Reached skill level 10 in Dodging
 18734 | Lair:5   | Reached skill level 16 in Unarmed Combat
 19564 | Lair:5   | Reached skill level 17 in Unarmed Combat
 19960 | Shoals:1 | Entered Level 1 of the Shoals
 20168 | Shoals:1 | Reached XP level 14. HP: 117/126 MP: 14/14
 20295 | Shoals:1 | Noticed a kraken
 20310 | Shoals:1 | HP: 4/126 [tentacle[a kraken] (4)]
 20332 | Shoals:1 | HP: 6/126 [tentacle[a kraken] (7)]
 20989 | Shoals:1 | Found Nafahu's Antique Armour Shop.
 20997 | Shoals:1 | Bought a twisted cloak for 237 gold pieces
 20997 | Shoals:1 | Identified the +2 cloak "Osabb" {rF+ Int+2} (You bought it
                  | in a shop on level 1 of the Shoals)
 21502 | Shoals:2 | Noticed Frances
 21522 | Shoals:2 | Killed Frances
 21915 | Shoals:2 | HP: 6/127 [merfolk siren/+0 trident[Ilsuiw] (4)]
 21925 | Shoals:2 | HP: 5/127 [merfolk javelineer/silver javelin[Ilsuiw] (4)]
 21926 | Shoals:2 | HP: 2/127 [merfolk javelineer/silver javelin[Ilsuiw] (1)]
 21927 | Shoals:2 | Hit by a silver javelin thrown by a merfolk javelineer

Illustrated notes

Levels and vault maps discovered:
D:1:      scummos_arrival_forest, layout_basic,
          shapermc_ecumenical_altar_notcrosses, serial_aquarium,
          aquarium_bridge_square [aquarium_subvault_bridge,
          aquarium_subvault_window, aquarium_subvault_window,
          aquarium_subvault_window], aquarium_bridge_square
          [aquarium_subvault_bridge, aquarium_subvault_bridge,
          aquarium_subvault_window, aquarium_subvault_wall],
          aquarium_window_fake, aquarium_window_fake, aquarium_view_2e,
          aquarium_pool_2, grunt_decor_resistance, columned_hall_lemuel
D:2:      layout_loops_ring, basic_altar
D:3:      layout_basic, minmay_fractal_squares_diagonal_5
D:4:      layout_basic, serial_shops, shop
D:5:      lemuel_ratsnest, layout_basic, lexackson_kobold_supper, uniq_eustachio
D:6:      layout_rooms, chequers_temple_overflow_statue_of_worship,
          kennysheep_generic_room_13, uniq_grinder, uniq_edmund,
          uniq_prince_ribbit1
D:7:      layout_loops_corners, xom_shifter_show,
          nicolae_overflow_crystal_walls, minmay_temple_entry_crystal_x,
          corner_web_ring, grunt_decor_mini_mirrors,
          chequers_serial_rivers_micro_c, minmay_manual_monstrance
D:8:      layout_gridville, uniq_erica, uniq_pikel
D:9:      layout_irregular_city, enter_bailey_5, ebering_ghost_xom,
          amcnicky_mini_rare_corridor_liquid
D:10:     layout_loops_ring, erik_lair_dragon, serial_shops,
          nicolae_stop_n_shop_1, serial_bayou_pond_d,
          nicolae_shop_i_like_big_books
Lair:1:   layout_hall_layers, beast_lair_carwin_11
Lair:2:   layout_cave_pods, serial_rivers, chequers_serial_rivers_micro_c,
          chequers_serial_rivers_marsh, chequers_serial_rivers_large_a,
          chequers_serial_rivers_room_b, chequers_serial_rivers_small_b,
          minmay_holes
Lair:3:   layout_loops_ring, elwin_shoals_entry_rocks,
          guppyfry_snake_entry_island
Lair:4:   layout_regular_city, slime_entry_2, minmay_lindwurm_lava,
          lemuel_fruit_fields
Lair:5:   evilmike_catoblepas_cave, layout_loops_ring, basic_altar
Shoals:1: layout_shoals, serial_shops, shop
Shoals:2: nicolae_shoals_island_circles, layout_shoals, serial_shops,
          nicolae_shop_rolling_square, uniq_ilsuiw, uniq_frances

Skill      XL: |  1  2  3  4  5  6  7  8  9 10 11 12 13 |
---------------+----------------------------------------+-----
Dodging        | 2 3 4 5 6 7 9 10 | 10.7
Fighting       | 2 3 5 6 7 8 10 12 | 12.5
Unarmed Combat | 4 5 7 8 10 11 13 17 | 17.9
Shapeshifting  | 4 5 6 7 9 10 | 10.0
Shields        | 1 2 3 4 5 |  5.0

Action                     |  1- 3 |  4- 6 |  7- 9 | 10-12 | 13-15 || total
---------------------------+-------+-------+-------+-------+-------++-------
  Melee: Unarmed           |   117 |   182 |   366 |   694 |   358 ||  1717
         Tailslap          |     7 |    22 |    48 |   111 |    92 ||   280
         Constrict         |       |       |       |    15 |       ||    15
  Throw: Throwing net      |       |       |     5 |       |       ||     5
 Invoke: Potion Petition   |       |       |       |     2 |     1 ||     3
         Call Merchant     |       |       |       |     1 |       ||     1
Ability: Begin Untransform |       |     1 |       |     2 |     1 ||     4
         Mud Breath        |       |       |     8 |     6 |       ||    14
  Evoke: Wand              |       |       |     5 |     3 |     2 ||    10
    Use: Scroll            |     5 |     9 |     3 |    12 |    12 ||    41
         Potion            |       |     2 |     2 |     5 |     5 ||    14
   Stab: Sleeping          |     3 |     1 |       |       |       ||     4
         Paralysed         |       |       |    11 |       |       ||    11
         Distracted        |       |       |       |     6 |     3 ||     9
         Petrified         |       |       |       |     5 |       ||     5
         Petrifying        |       |       |       |     2 |       ||     2
 Armour: Skin              |    66 |    70 |   240 |   460 |   269 ||  1105
  Dodge: Dodged            |    67 |    58 |   192 |   645 |   354 ||  1316
  Block: Kite shield       |       |    79 |   200 |     1 |       ||   280
         Other             |       |       |       |       |    45 ||    45
         Reflection        |       |       |       |       |     3 ||     3
   Form: Beast             |       |     1 |       |       |       ||     1
         Flux              |       |       |     1 |     3 |     1 ||     5
         Serpent           |       |       |       |     1 |       ||     1

Table legend: (Time is in decaauts)
 A = Elapsed time spent in this place.
 B = Non-inter-level travel time spent in this place.
 C = Inter-level travel time spent in this place.
 D = Time resting spent in this place.
 E = Time spent auto-exploring this place.
 F = Levels seen in this place.
 G = Mean time per level.
                   A        B        C        D        E       F      G
               +--------+--------+--------+--------+--------+-----+--------+
         Total |  21730 |  21306 |    424 |   6172 |  10903 |  18 | 1207.2 |
       Dungeon |  11337 |  11124 |    213 |   2836 |   6106 |  10 | 1133.7 |
          Lair |   8338 |   8152 |    186 |   2459 |   4119 |   5 | 1667.6 |
        Shoals |   1945 |   1920 |     25 |    877 |    671 |   2 |  972.5 |
        Bailey |    109 |    109 |      0 |      0 |      7 |   1 |  109.0 |
               +--------+--------+--------+--------+--------+-----+--------+

Top non-repeatable levels by time:
  Lair:5: 2006 daAuts
     D:5: 1983 daAuts
  Lair:2: 1833 daAuts
Shoals:1: 1707 daAuts
  Lair:4: 1690 daAuts
     D:9: 1588 daAuts
  Lair:1: 1460 daAuts
     D:4: 1386 daAuts
  Lair:3: 1346 daAuts
    D:10: 1264 daAuts
     D:7: 1185 daAuts
     D:8: 1168 daAuts
     D:1: 911 daAuts
     D:3: 719 daAuts
     D:2: 584 daAuts
